Get step-by-step instructions on how to execute this build order below. Start the game timer, and the build order will tick by so you can play in parallel with StarCraft on a second screen or mobile device.

Game Time

  0:00

Last Step

  N/A

Next Step

Upcoming Step



Don't want to look back and forth between 2 screens? Try out our Overwolf App, the Spawning Tool Build Advisor to get an in-game overlay with this build!

Complete Build Order

  12  0:00  Drone  
  13  0:11  Overlord  
  13  0:16  Drone  
  14  0:30  Drone x2  
  14  0:34  Drone  
  17  0:51  Hatchery  
  17  0:55  Drone  
  17  0:58  Drone  
  18  1:05  Drone  
  18  1:09  Extractor  
  18  1:15  Spawning Pool  
  17  1:19  Drone  
  18  1:27  Drone  
  19  1:38  Drone  
  20  1:48  Overlord  
  20  2:02  Queen  
  20  2:03  Zergling x4, Queen  
  26  2:10  Drone  
  26  2:12  Metabolic Boost  
  26  2:15  Drone  
  28  2:22  Drone  
  29  2:25  Drone  
  30  2:34  Hatchery  
  30  2:36  Zergling x2  
  30  2:39  Drone  
  31  2:45  Queen  
  31  2:50  Overlord  
  33  2:53  Drone  
  33  2:57  Drone  
  35  2:59  Drone  
  36  3:08  Drone, Queen  
  36  3:09  Drone  
  40  3:14  Drone, Overlord  
  40  3:16  Drone  
  40  3:18  Drone  
  43  3:21  Drone  
  44  3:31  Queen  
  45  3:34  Drone  
  45  3:37  Drone  
  45  3:39  Drone  
  47  3:43  Drone x3, Queen  
  47  3:47  Overlord  
  51  3:49  Drone  
  52  3:57  Drone x3  
  52  3:58  Spore Crawler  
  52  4:02  Spore Crawler  
  54  4:04  Overlord  
  54  4:06  Drone x2  
  54  4:08  Spore Crawler  
  55  4:18  Drone x4  
  55  4:21  Zergling x4  
  55  4:22  Zergling x2  
  63  4:31  Drone x4  
  63  4:33  Extractor  
  63  4:35  Roach Warren  
  63  4:37  Lair  
  64  4:40  Drone x2  
  64  4:44  Drone x2  
  68  4:47  Extractor, Overlord  
  68  4:48  Drone  
  68  4:52  Extractor  
  67  4:54  Overlord  
  67  4:55  Drone  
  68  5:01  Overlord  
  68  5:03  Drone  
  68  5:06  Spore Crawler  
  69  5:15  Roach x4  
  69  5:16  Roach x3  
  69  5:17  Zergling x6  
  69  5:18  Queen  
  88  5:24  Spore Crawler  
  88  5:26  Roach x2  
  88  5:28  Overlord  
  90  5:34  Pneumatized Carapace  
  90  5:39  Zergling x6, Roach x2  
  90  5:42  Overlord  
  96  5:50  Zergling x10  
  96  5:53  Spore Crawler  
  96  5:56  Ravager x2  
  101  5:59  Overlord  
  101  6:04  Ravager  
  102  6:05  Ravager  
  102  6:06  Zergling x4  
  102  6:07  Zergling x8  
  102  6:08  Zergling x2  
  110  6:11  Overlord  
  107  6:20  Overlord  
  107  6:27  Ravager x2  
  107  6:29  Zergling x16  
  107  6:32  Ravager  
  118  6:35  Zergling x4  
  119  6:42  Zergling x6  
  119  6:43  Zergling x2  
  118  6:52  Zergling x10  
  116  6:58  Zergling x6  
  116  6:59  Ravager  
  116  7:00  Ravager x2  
  118  7:06  Zergling x6  
  118  7:07  Zergling x2  
  116  7:13  Zergling x8  
  117  7:15  Zergling x2  
  117  7:20  Zergling x6  
  120  7:25  Zergling x6  
  121  7:32  Zergling x2  
  121  7:34  Overlord  
  121  7:35  Drone  
  121  7:41  Drone  
  121  7:42  Drone  
  121  7:43  Drone